 Dungeon Crawl Stone Soup version 0.28.0-53-g5a82cb258f (webtiles) character file.

Game seed: 8071857915756891324

99 Kaptain the Digger (level 4, -4/32 HPs)
             Began as a Demonspawn Earth Elementalist on July 14, 2022.
             Killed from afar by an orc wizard (8 damage)
             ... with a magic dart
             ... on level 2 of the Dungeon.
             The game lasted 00:02:21 (1586 turns).

Kaptain the Digger (Demonspawn Earth Elementalist)  Turns: 1586, Time: 00:02:22

Health: -4/32      AC:  4    Str: 10    XL:     4   Next: 45%
Magic:  0/7        EV: 12    Int: 16    God:
Gold:   52         SH:  0    Dex: 14    Spells: 7/8 levels left

rFire   . . .      SeeInvis .   a - +0 quarterstaff
rCold   . . .      Faith    .   (shield currently unavailable)
rNeg    . . .      Spirit   .   b - +0 robe
rPois   .          Reflect  .   (no helmet)
rElec   .          Harm     .   (no cloak)
rCorr   .          Rampage  .   (no gloves)
Will    .....                   (no boots)
Stlth   ++........              (no amulet)
HPRegen 0.10/turn               (no ring)
MPRegen 0.10/turn               (no ring)

@: no status effects
A: slimy green scales 1, demonic touch 1
a: no special abilities


You were on level 2 of the Dungeon.
You visited 1 branch of the dungeon, and saw 2 of its levels.

You collected 52 gold pieces.

Inventory:

Hand Weapons
 a - a +0 quarterstaff (weapon)
 g - a +1 short sword
Missiles
 c - 14 stones
Armour
 b - a +0 robe (worn)
Scrolls
 d - 3 scrolls of teleportation


   Skills:
 * Level 1.6 Fighting
 + Level 0.9 Armour
 - Level 1.7 Dodging
 + Level 2.2 Stealth
 * Level 2.6 Spellcasting
 * Level 1.5 Conjurations
 - Level 0.8 Transmutations
 * Level 3.2 Earth Magic


You had 7 spell levels left.
You knew the following spells:

 Your Spells              Type           Power      Damage    Failure   Level
a - Sandblast             Erth           24%        2d8       5%          1

Your spell library contained the following spells:

 Spells                   Type           Power      Damage    Failure   Level
 Passwall                 Tmut/Erth      6%         N/A       13%         2
 Stone Arrow              Conj/Erth      18%        3d8       22%         3
 Petrify                  Tmut/Erth      8%         N/A       63%         4


Dungeon Overview and Level Annotations

Branches:
Dungeon (2/15)

Altars:


Innate Abilities, Weirdness & Mutations

You are partially covered in slimy green scales. (AC +2)
Your touch may inflict minor irresistible damage on your foes.


Message History

* * * LOW HITPOINT WARNING * * *
Casting: Sandblast (safe; 5% risk of failure)
Confirm with . or Enter, or press ? or * to list all spells.
Aiming: Sandblast (safe; 5% risk of failure)
Press: ? - help, Shift-Dir - straight line, f/p - Natasha
Aim: Natasha (severely wounded, 74% to hit)
The blast of sand hits Natasha!
You kill Natasha!
Natasha yowls pathetically as she dies!
Unknown command.
You barely miss the orc wizard. The orc wizard closely misses you.
You hit the orc wizard.
The orc wizard is lightly wounded.
The orc wizard hits you with a +0 dagger.
* * * LOW HITPOINT WARNING * * *
You closely miss the orc wizard.
The orc wizard is lightly wounded.
The orc wizard completely misses you. The orc wizard casts a spell at you.
You are confused.
You bump into the rock wall.
The orc wizard barely misses you.
You bump into the rock wall.
The orc wizard hits you but does no damage.
You're too confused to move!
The orc wizard closely misses you.
You bump into the rock wall.
The orc wizard casts a spell at you. The puff of flame hits you.
* * * LOW HITPOINT WARNING * * *
You feel less confused.
Casting: Sandblast (safe; 5% risk of failure)
Confirm with . or Enter, or press ? or * to list all spells.
Aiming: Sandblast (safe; 5% risk of failure)
Press: ? - help, Shift-Dir - straight line, f - orc wizard
Aim: an orc wizard, wielding a +0 dagger and wearing a +0 robe (lightly wounded, 74% to hit)
The blast of sand misses the orc wizard.
The orc wizard casts a spell at you. You resist with some effort.
The orc wizard gestures at you while chanting.
The magic dart hits you!
You die...

..# ##.^.########.#
#.# ##.## #.# #.#
#.# #.# #.# #.# #.#
#.# #+# #.########
#.# ... #........#
#.# .... #..#####.#
..# .....
##.....##.# ###
......####@........#
..+
......).o.....#.####
###
.....)####...##.#
..... ##.## .# ....
### .# ... .# #+ ##


You could see an orc wizard.

Vanquished Creatures
  An orc priest (D:2)
  Natasha (D:2)
  An adder (D:2)
  3 dart slugs (D:1)
  An orc (D:2)
  7 endoplasms (D:1)
  A giant cockroach (D:1)
  2 goblins (D:1)
  2 hobgoblins (D:1)
  2 ball pythons (D:1)
  3 bats (D:1)
  A frilled lizard (D:1)
  2 kobolds (D:1)
  2 rats (D:1)
29 creatures vanquished.

Notes
Turn   | Place    | Note
-------+----------+-------------------------------------------
     0 | D:1      | Kaptain the Demonspawn Earth Elementalist began the quest
                  | for the Orb.
     0 | D:1      | Reached XP level 1. HP: 13/13 MP: 3/3
   105 | D:1      | Gained mutation: Your touch may inflict minor irresistible
                  | damage on your foes. [demonic ancestry]
   105 | D:1      | Reached XP level 2. HP: 16/20 MP: 0/5
   851 | D:1      | Gained mutation: You are partially covered in slimy green
                  | scales. (AC +2) [demonic ancestry]
   851 | D:1      | Reached XP level 3. HP: 21/25 MP: 0/6
   944 | D:1      | Reached skill level 1 in Fighting
  1011 | D:1      | Found a faded altar of an unknown god.
  1257 | D:2      | Reached skill level 1 in Conjurations
  1257 | D:2      | Reached skill level 3 in Earth Magic
  1565 | D:2      | Noticed Natasha
  1570 | D:2      | Reached XP level 4. HP: 32/32 MP: 2/7
  1575 | D:2      | Killed Natasha
  1586 | D:2      | Killed from afar by an orc wizard

Illustrated notes

Levels and vault maps discovered:
D:1:      dpeg_arrival_oval, layout_basic, ebering_ecumenical_altar_sacrificial
D:2:      minmay_chambers_of_twos, layout_loops_corners, basic_altar,
          uniq_natasha

Skill      XL: |  1  2  3 |
---------------+----------+-----
Stealth        | 2 |  2.2
Fighting       | 1 |  1.6
Conjurations   | 1 |  1.5
Earth Magic    | 3 |  3.2
Armour         | |  0.9
Dodging        | |  1.7
Spellcasting   | |  2.6
Transmutations | |  0.8

Action                   |  1- 3 |  4- 6 || total
-------------------------+-------+-------++-------
Melee: Unarmed           |     5 |       ||     5
       Quarterstaff      |    11 |     6 ||    17
       Short sword       |     8 |       ||     8
       Touch             |     2 |       ||     2
 Cast: Sandblast         |    32 |     4 ||    36
  Use: Scroll            |     4 |       ||     4
 Stab: Sleeping          |     2 |       ||     2
Armor: Robe              |     7 |     1 ||     8
Dodge: Dodged            |    17 |     4 ||    21
